Demolitions vs Wolfes
(R1)
Created - April 4, 2020 at 19:05
Goals
|
| Demolitions |
0 |
1 |
4 |
5 |
| Wolfes |
0 |
0 |
1 |
1 |
|
Shots
|
| Demolitions |
14 |
10 |
18 |
42 |
| Wolfes |
7 |
6 |
7 |
20 |
|
1st period
No Goal
Penalties :
Victor Olofsson (RIM) for Hooking (Minor) at 5:13
2nd period
1. Demolitions , Daultan Leveillé 27 (Jared Staal 4) at 7:14
Penalties :
Taylor Beck (Vic) for Hooking (Minor) at 9:47, Phil McRae (Vic) for Hooking (Minor) at 13:21, Pavel Kraskovsky (RIM) for Slashing (Minor) at 18:41
3rd period
2. Demolitions , Lane MacDermid 32 (Robert Bortuzzo 22, Spencer Machacek 66) at 1:21 (PP)
3. Wolfes , Kyle Rau 12 (Martin Hanzal 54, Alexandre Grenier 39) at 14:14
4. Demolitions , Daultan Leveillé 28 (Alex Hutchings 4) at 16:14 (SH)
5. Demolitions , Daultan Leveillé 29 (Jake Muzzin 19, Alex Hutchings 5) at 16:26 (SH)
6. Demolitions , Daultan Leveillé 30 (Alex Hutchings 6) at 16:30 (SH)
Penalties :
Zachary Sanford (RIM) for Hooking (Minor) at 1:04, Jeffrey Foss (RIM) for Slashing (Minor) at 4:03, Martin Hanzal (RIM) for Roughing (Minor) at 9:26, Martin Hanzal (RIM) for Slashing (Minor) at 12:05, Spencer Machacek (Vic) for Roughing (Minor) at 16:09
Goalie Stats
Alex Stalock (Vic), 19 saves from 20 shots - (0.950), W, 18-6-2, 60:00 minutes
Jeremy Smith (RIM), 37 saves from 42 shots - (0.881), L, 8-7-1, 60:00 minutes
Players Stats for Demolitions
Player Name G A P +/- PIM S H SB GA TA FO MP PP MP PK MP
------------------------------------------------------------------------------------
Aaron Palushaj 0 0 0 -1 0 0 0 0 0 0 0/0 0:45 0:18 0:00
Alex Hutchings 0 3 3 3 0 1 0 0 0 0 4/4 2:14 0:00 2:14
Andrej Nestrasil 0 0 0 0 0 0 0 0 0 0 3/8 16:54 4:27 0:21
Brendan Perlini 0 0 0 0 0 0 0 0 0 0 0/0 0:00 0:00 0:00
Christoph Bertschy 0 0 0 0 0 3 0 0 0 0 2/3 8:07 0:00 0:59
Colton Sceviour 0 0 0 0 0 0 0 0 0 0 0/0 0:00 0:00 0:00
Daultan Leveillé 4 0 4 4 0 8 0 0 0 0 15/31 22:29 5:30 3:28
Dennis Everberg 0 0 0 0 0 2 2 0 1 1 0/0 17:22 4:27 0:49
J.T. Brown 0 0 0 0 0 4 1 1 0 0 0/0 11:12 0:08 0:00
Jake Muzzin 0 1 1 2 0 1 1 2 0 0 0/0 27:18 6:09 3:46
Jared Staal 0 1 1 0 0 2 0 0 0 0 0/1 7:00 0:00 0:00
Joshua Leivo 0 0 0 0 0 1 2 0 0 1 0/0 11:06 0:00 0:19
Lane MacDermid 1 0 1 1 0 5 0 1 0 0 1/2 20:24 5:27 1:34
Michael Ferland 0 0 0 0 0 4 1 1 0 0 0/0 7:00 0:00 0:00
Mitch Callahan 0 0 0 -1 0 0 0 0 0 0 0/0 0:45 0:18 0:00
Nick Pryor 0 0 0 0 0 0 0 3 0 0 0/0 12:40 0:00 0:10
Nikita Tryamkin 0 0 0 1 0 0 3 1 0 0 0/0 20:17 4:03 2:11
Phil McRae 0 0 0 0 2 3 1 0 0 0 5/7 10:46 0:00 0:00
Robert Bortuzzo 0 1 1 2 0 0 0 1 0 1 0/0 23:36 6:09 3:36
Ryan Pulock 0 0 0 1 0 0 0 2 0 0 0/0 20:17 4:03 2:11
Spencer Machacek 0 1 1 0 2 7 2 2 2 0 2/2 21:10 5:34 2:01
Taylor Aronson 0 0 0 0 0 0 1 1 0 0 0/0 12:25 0:00 0:00
Taylor Beck 0 0 0 0 2 1 2 0 0 1 0/0 16:46 4:27 0:09
Tommy Vannelli 0 0 0 0 0 0 0 0 0 0 0/0 3:27 0:00 0:00
Tyler Graovac 0 0 0 0 0 0 0 0 0 0 0/0 0:00 0:00 0:00
Players Stats for Wolfes
Player Name G A P +/- PIM S H SB GA TA FO MP PP MP PK MP
------------------------------------------------------------------------------------
Alexandre Grenier 0 1 1 1 0 1 1 0 0 0 0/0 15:21 0:02 4:42
Anton Karlsson 0 0 0 -3 0 1 0 0 0 0 1/1 12:26 2:48 0:00
Anton Lindholm 0 0 0 0 0 1 2 3 0 0 0/0 21:37 0:00 5:04
Benn Ferriero 0 0 0 -2 0 1 4 0 1 0 0/0 17:57 3:04 4:55
Blake Pietila 0 0 0 -2 0 1 1 0 1 0 0/0 13:26 2:51 0:00
Chris Tierney 0 0 0 -3 0 0 0 0 0 0 8/18 18:19 2:53 5:28
Jamie Oleksiak 0 0 0 -1 0 1 1 1 0 0 0/0 20:55 2:18 1:12
Jeffrey Foss 0 0 0 0 2 1 3 1 0 0 0/0 21:48 2:18 3:56
Joe Morrow 0 0 0 -3 0 0 1 1 0 0 0/0 16:35 3:39 0:00
Kyle Rau 1 0 1 1 0 1 1 0 0 0 4/14 12:01 0:00 0:14
Martin Hanzal 0 1 1 0 4 4 3 1 0 1 8/14 17:34 3:04 2:52
Michael Stone 0 0 0 -2 0 0 0 1 0 1 0/0 21:10 3:39 5:08
Pavel Kraskovsky 0 0 0 0 2 0 0 1 1 0 4/8 10:51 0:00 0:00
Sergei Plotnikov 0 0 0 -1 0 1 1 1 0 0 0/0 14:53 3:04 0:35
Thomas Spelling 0 0 0 0 0 2 0 0 0 0 0/1 12:03 0:00 0:00
Victor Olofsson 0 0 0 0 2 1 1 0 0 0 0/0 11:09 0:05 0:00
Wes O'Neill 0 0 0 0 0 0 2 2 1 1 0/0 18:12 0:00 5:04
Zachary Sanford 0 0 0 0 2 4 2 0 0 0 1/2 13:25 0:00 1:38
3 Stars
1 - Daultan Leveillé (Vic)
2 - Alex Hutchings (Vic)
3 - Lane MacDermid (Vic)
Power Play
Demolitions - 1 on 6 Attempt(s) - 16.67%
Wolfes - 0 on 3 Attempt(s) - 0.00%
Penalty Kill
Demolitions - 3 on 3 Attempt(s) - 100.00%
- Score 3 goal in Penalty Kill
Wolfes - 5 on 6 Attempt(s) - 83.33%
- Score 0 goal in Penalty Kill
Team Stat
Demolitions - Hits : 16 - Faceoff Wins : 32 - Blocked Shots : 15 - Penalty Minutes : 6
Wolfes - Hits : 23 - Faceoff Wins : 26 - Blocked Shots : 12 - Penalty Minutes : 12
Official
Referees : Unknown
Linesman : Unknown
Game Notes
Daultan Leveillé has scored a Hat Trick!
Finance
Level 1 -- Attendance: 1273 (63.65%) -- Ticket Income $50,920
Level 2 -- Attendance: 609 (60.90%) -- Ticket Income $12,180
Total Attendance: 1882 (62.73%)
Total Ticket Income: $63,100
Other Income: $3,155
Total Income: $66,255
Demolitions
5 vs 5 Forward
Center Left Wing Right Wing Time % Phy DF OF
1 Daultan Leveillé Lane MacDermid Spencer Machacek 40 1 2 2
2 Andrej Nestrasil Taylor Beck Dennis Everberg 30 1 2 2
3 Phil McRae Joshua Leivo J.T. Brown 20 1 2 2
4 Christoph Bertschy Michael Ferland Jared Staal 10 1 2 2
5 vs 5 Defense
Defense Defense Time % Phy DF OF
1 Jake Muzzin Robert Bortuzzo 40 1 2 2
2 Nikita Tryamkin Ryan Pulock 30 1 2 2
3 Taylor Aronson Nick Pryor 20 1 2 2
4 Tommy Vannelli Jake Muzzin 10 1 2 2
PowerPlay Forward
Center Left Wing Right Wing Time % Phy DF OF
1 Daultan Leveillé Lane MacDermid Spencer Machacek 60 1 2 2
2 Andrej Nestrasil Taylor Beck Dennis Everberg 40 1 2 2
PowerPlay Defense
Defense Defense Time % Phy DF OF
1 Jake Muzzin Robert Bortuzzo 60 1 2 2
2 Nikita Tryamkin Ryan Pulock 40 1 2 2
Penalty Kill 4 Players Forward
Center Wing Time % Phy DF OF
1 Spencer Machacek Daultan Leveillé 60 1 2 2
2 Lane MacDermid Dennis Everberg 40 1 2 2
Penalty Kill 4 Players Defense
Defense Defense Time % Phy DF OF
1 Jake Muzzin Robert Bortuzzo 60 1 2 2
2 Nikita Tryamkin Ryan Pulock 40 1 2 2
Penalty Kill - 3 Players Forward
Forward Time % Phy DF OF
1 Spencer Machacek 60 1 2 2
2 Daultan Leveillé 40 1 2 2
Penalty Kill - 3 Players Defense
Defense Defense Time % Phy DF OF
1 Jake Muzzin Robert Bortuzzo 60 1 2 2
2 Nikita Tryamkin Ryan Pulock 40 1 2 2
4 vs 4 Forward
Center Wing Time % Phy DF OF
1 Spencer Machacek Daultan Leveillé 60 1 2 2
2 Lane MacDermid Dennis Everberg 40 1 2 2
4 vs 4 Defense
Defense Defense Time % Phy DF OF
1 Jake Muzzin Robert Bortuzzo 60 1 2 2
2 Nikita Tryamkin Ryan Pulock 40 1 2 2
Last Minutes Offensive
Center Left Wing Right Wing Defense Defense
Daultan Leveillé Lane MacDermid Spencer Machacek Jake Muzzin Robert Bortuzzo
Last Minutes Defensive
Center Left Wing Right Wing Defense Defense
Daultan Leveillé Lane MacDermid Spencer Machacek Jake Muzzin Robert Bortuzzo
Goaltenders
Starting : Alex Stalock
Backup : Antti Raanta
Extra Forwards
Normal : Aaron Palushaj, Mitch Callahan, Alex Hutchings - PP : Aaron Palushaj, Mitch Callahan - PK : Alex Hutchings
Extra Defensemen
Normal : Taylor Aronson, Nick Pryor, Tommy Vannelli - PP : Taylor Aronson - PK : Nick Pryor, Tommy Vannelli
Penalty Shots
Spencer Machacek, Daultan Leveillé, Lane MacDermid, Dennis Everberg, J.T. Brown
Scratches
Thomas DiPauli (Healthy), Taylor Leier (Healthy), Michael Prapavessis (Healthy), Jaedon Descheneau (Healthy), Jake Paterson (Healthy)
Francois Tremblay (Healthy), Brandon Halverson (Healthy)
Wolfes
5 vs 5 Forward
Center Left Wing Right Wing Time % Phy DF OF
1 Chris Tierney Anton Karlsson Benn Ferriero 25 1 2 2
2 Pavel Kraskovsky Blake Pietila Alexandre Grenier 25 1 2 2
3 Martin Hanzal Sergei Plotnikov Victor Olofsson 25 1 2 2
4 Kyle Rau Zachary Sanford Thomas Spelling 25 1 2 2
5 vs 5 Defense
Defense Defense Time % Phy DF OF
1 Wes O'Neill Michael Stone 30 1 2 2
2 Joe Morrow Anton Lindholm 30 1 2 2
3 Jamie Oleksiak Jeffrey Foss 30 1 2 2
4 Jamie Oleksiak Anton Lindholm 10 1 2 2
PowerPlay Forward
Center Left Wing Right Wing Time % Phy DF OF
1 Chris Tierney Blake Pietila Anton Karlsson 50 1 2 2
2 Martin Hanzal Sergei Plotnikov Benn Ferriero 50 1 2 2
PowerPlay Defense
Defense Defense Time % Phy DF OF
1 Michael Stone Joe Morrow 60 1 2 2
2 Jeffrey Foss Jamie Oleksiak 40 1 2 2
Penalty Kill 4 Players Forward
Center Wing Time % Phy DF OF
1 Chris Tierney Alexandre Grenier 50 1 2 2
2 Martin Hanzal Benn Ferriero 50 1 2 2
Penalty Kill 4 Players Defense
Defense Defense Time % Phy DF OF
1 Anton Lindholm Wes O'Neill 50 1 2 2
2 Jeffrey Foss Michael Stone 50 1 2 2
Penalty Kill - 3 Players Forward
Forward Time % Phy DF OF
1 Martin Hanzal 50 1 2 2
2 Chris Tierney 50 1 2 2
Penalty Kill - 3 Players Defense
Defense Defense Time % Phy DF OF
1 Anton Lindholm Michael Stone 60 1 2 2
2 Wes O'Neill Joe Morrow 40 1 2 2
4 vs 4 Forward
Center Wing Time % Phy DF OF
1 Martin Hanzal Victor Olofsson 50 1 2 2
2 Chris Tierney Anton Karlsson 50 1 2 2
4 vs 4 Defense
Defense Defense Time % Phy DF OF
1 Joe Morrow Anton Lindholm 50 1 2 2
2 Wes O'Neill Jamie Oleksiak 50 1 2 2
Last Minutes Offensive
Center Left Wing Right Wing Defense Defense
Martin Hanzal Blake Pietila Victor Olofsson Jamie Oleksiak Joe Morrow
Last Minutes Defensive
Center Left Wing Right Wing Defense Defense
Chris Tierney Sergei Plotnikov Alexandre Grenier Anton Lindholm Joe Morrow
Goaltenders
Starting : Jeremy Smith
Backup : Laurent Brossoit
Extra Forwards
Normal : Pavel Kraskovsky, Thomas Spelling, Zachary Sanford - PP : Victor Olofsson, Benn Ferriero - PK : Zachary Sanford
Extra Defensemen
Normal : Jamie Oleksiak, Anton Lindholm, Michael Stone - PP : Anton Lindholm - PK : Anton Lindholm, Jamie Oleksiak
Penalty Shots
Benn Ferriero, Victor Olofsson, Thomas Spelling, Blake Pietila, Sergei Plotnikov
Scratches
Scott Timmins (Healthy), Christophe Lalancette (Healthy), Charles-Olivier Roussel (Healthy), Klas Dahlbeck (Healthy), Matt Grzelcyk (Healthy)
Remi Elie (Healthy), Jyrki Jokipakka (Healthy), Vladimir Zharkov (Healthy), Nicolas Deschamps (Healthy), Angelo Esposito (Healthy)
Louis Belpedio (Healthy), Jacob Lagacé (Healthy), Cameron Darcy (Healthy), Joonas Lyytinen (Healthy), Fredrik Olofsson (Healthy)
Nolan Vesey (Healthy), Vaclav Karabacek (Healthy), Kyle Pettit (Healthy), Dylan Sadowy (Healthy), Ebbe Siönäs (Healthy)
Sami Aittokallio (Healthy)
% Time on Ice - Demolitions
Lines # - Real PCT - Wanted PCT - Time Play
Normal Forward
1 - 32% - 40% - 13:58
2 - 28% - 30% - 12:06
3 - 25% - 20% - 10:47
4 - 16% - 10% - 7:00
Normal Defense
1 - 32% - 40% - 13:56
2 - 32% - 30% - 14:03
3 - 28% - 20% - 12:25
4 - 8% - 10% - 3:27
PP Forward
1 - 56% - 60% - 5:45
2 - 44% - 40% - 4:27
PP Defense
1 - 60% - 60% - 6:09
2 - 40% - 40% - 4:03
PK Forward
1 - 86% - 60% - 5:08
2 - 14% - 40% - 0:49
PK Defense
1 - 63% - 60% - 3:46
2 - 37% - 40% - 2:11
PK3 Forward
1 - 0% - 60%
2 - 0% - 40%
PK3 Defense
1 - 0% - 60%
2 - 0% - 40%
44 Forward
1 - 0% - 60%
2 - 0% - 40%
44 Defense
1 - 0% - 60%
2 - 0% - 40%
Last Minute Offensive - 0:00
Last Minute Defensive - 0:00
Total
Forward - 60:00
Defense - 60:00
|
% Time on Ice - Wolfes
Lines # - Real PCT - Wanted PCT - Time Play
Normal Forward
1 - 23% - 25% - 10:08
2 - 25% - 25% - 11:05
3 - 25% - 25% - 11:01
4 - 26% - 25% - 11:37
Normal Defense
1 - 30% - 30% - 13:10
2 - 33% - 30% - 14:23
3 - 30% - 30% - 13:16
4 - 7% - 10% - 3:02
PP Forward
1 - 48% - 50% - 2:53
2 - 52% - 50% - 3:04
PP Defense
1 - 61% - 60% - 3:39
2 - 39% - 40% - 2:18
PK Forward
1 - 46% - 50% - 4:42
2 - 54% - 50% - 5:30
PK Defense
1 - 50% - 50% - 5:04
2 - 50% - 50% - 5:08
PK3 Forward
1 - 0% - 50%
2 - 0% - 50%
PK3 Defense
1 - 0% - 60%
2 - 0% - 40%
44 Forward
1 - 0% - 50%
2 - 0% - 50%
44 Defense
1 - 0% - 50%
2 - 0% - 50%
Last Minute Offensive - 0:00
Last Minute Defensive - 0:00
Total
Forward - 60:00
Defense - 60:00
|
Play-by-Play
1st period
0:01 of 1st period - Chris Tierney wins face-off versus Daultan Leveillé in neutral zone.
0:48 of 1st period - Snap shot by Taylor Beck.
0:48 of 1st period - Shot Misses the Net.
0:50 of 1st period - Wrist shot by Joshua Leivo.
0:50 of 1st period - Shot Blocked by Anton Lindholm.
0:54 of 1st period - Snap shot by J.T. Brown.
0:54 of 1st period - Stopped by Jeremy Smith with a rebound.
0:56 of 1st period - Slapshot by Jake Muzzin.
0:56 of 1st period - Deflect By Phil McRae.
0:56 of 1st period - Shot Misses the Net.
0:56 of 1st period - Puck is out of play.
0:57 of 1st period - Christoph Bertschy wins face-off versus Kyle Rau in Wolfes zone.
1:31 of 1st period - Snap shot by Martin Hanzal.
1:31 of 1st period - Stopped by Alex Stalock with a rebound.
1:49 of 1st period - Wrist shot by Phil McRae.
1:49 of 1st period - Shot Misses the Net.
2:23 of 1st period - Snap shot by Martin Hanzal.
2:23 of 1st period - Stopped by Alex Stalock without a rebound.
2:24 of 1st period - Martin Hanzal wins face-off versus Lane MacDermid in Demolitions zone.
2:29 of 1st period - Slapshot by Sergei Plotnikov.
2:29 of 1st period - Deflect By Martin Hanzal.
2:29 of 1st period - Stopped by Alex Stalock without a rebound.
2:30 of 1st period - Martin Hanzal wins face-off versus Daultan Leveillé in Demolitions zone.
2:45 of 1st period - Wrist shot by Sergei Plotnikov.
2:45 of 1st period - Shot Blocked by Taylor Aronson.
2:47 of 1st period - Slapshot by Victor Olofsson.
2:47 of 1st period - Shot Misses the Net.
2:49 of 1st period - Slapshot by Jeffrey Foss.
2:49 of 1st period - Stopped by Alex Stalock without a rebound.
2:50 of 1st period - Kyle Rau wins face-off versus Andrej Nestrasil in Demolitions zone.
3:25 of 1st period - Snap shot by Spencer Machacek.
3:25 of 1st period - Deflect By Daultan Leveillé.
3:25 of 1st period - Stopped by Jeremy Smith without a rebound.
3:26 of 1st period - Phil McRae wins face-off versus Kyle Rau in Wolfes zone.
3:41 of 1st period - Slapshot by Zachary Sanford.
3:41 of 1st period - Deflect By Thomas Spelling.
3:41 of 1st period - Shot Blocked by Nick Pryor.
3:41 of 1st period - Puck is out of play.
3:42 of 1st period - Daultan Leveillé wins face-off versus Pavel Kraskovsky in Demolitions zone.
3:53 of 1st period - Slapshot by Blake Pietila.
3:53 of 1st period - Shot Misses the Net.
4:08 of 1st period - Anton Lindholm is hit by Jake Muzzin and loses puck.
4:53 of 1st period - J.T. Brown is hit by Jeffrey Foss and loses puck.
5:13 of 1st period - Minor Penalty to Victor Olofsson for Hooking.
5:14 of 1st period - Chris Tierney wins face-off versus Daultan Leveillé in Wolfes zone.
5:23 of 1st period - Snap shot by Daultan Leveillé.
5:23 of 1st period - Stopped by Jeremy Smith with a rebound.
5:25 of 1st period - Slapshot by Ryan Pulock.
5:25 of 1st period - Shot Blocked by Wes O'Neill.
5:27 of 1st period - Snap shot by Daultan Leveillé.
5:27 of 1st period - Deflect By Lane MacDermid.
5:27 of 1st period - Stopped by Jeremy Smith with a rebound.
7:13 of 1st period - Penalty to Victor Olofsson is over, Victor Olofsson is back on ice.
7:23 of 1st period - Zachary Sanford is hit by Nikita Tryamkin and loses puck.
7:33 of 1st period - Icing by J.T. Brown.
7:34 of 1st period - Pavel Kraskovsky wins face-off versus Christoph Bertschy in Demolitions zone.
7:41 of 1st period - Wrist shot by Alexandre Grenier.
7:41 of 1st period - Shot Misses the Net.
7:55 of 1st period - Jamie Oleksiak is hit by Joshua Leivo and loses puck.
8:02 of 1st period - Taylor Aronson is hit by Martin Hanzal and loses puck.
8:47 of 1st period - Taylor Beck is hit by Kyle Rau.
9:06 of 1st period - Snap shot by Michael Ferland.
9:06 of 1st period - Stopped by Jeremy Smith with a rebound.
9:08 of 1st period - Snap shot by Jared Staal.
9:08 of 1st period - Deflect By Christoph Bertschy.
9:08 of 1st period - Stopped by Jeremy Smith without a rebound.
9:09 of 1st period - Chris Tierney wins face-off versus Daultan Leveillé in Wolfes zone.
9:22 of 1st period - Wrist shot by Spencer Machacek.
9:22 of 1st period - Stopped by Jeremy Smith with a rebound.
9:24 of 1st period - Snap shot by Spencer Machacek.
9:24 of 1st period - Shot Misses the Net.
9:53 of 1st period - Icing by Dennis Everberg.
9:54 of 1st period - Phil McRae wins face-off versus Kyle Rau in Demolitions zone.
10:07 of 1st period - Wrist shot by Zachary Sanford.
10:07 of 1st period - Shot Blocked by Ryan Pulock.
10:27 of 1st period - Wrist shot by Blake Pietila.
10:27 of 1st period - Shot Blocked by Lane MacDermid.
10:39 of 1st period - Wrist shot by Benn Ferriero.
10:39 of 1st period - Stopped by Alex Stalock without a rebound.
10:40 of 1st period - Chris Tierney wins face-off versus Andrej Nestrasil in Demolitions zone.
10:53 of 1st period - Benn Ferriero is hit by Taylor Beck and loses puck.
11:10 of 1st period - Robert Bortuzzo is hit by Victor Olofsson and loses puck.
11:32 of 1st period - Wrist shot by Daultan Leveillé.
11:32 of 1st period - Shot Misses the Net.
12:11 of 1st period - Off-side.
12:12 of 1st period - Martin Hanzal wins face-off versus Andrej Nestrasil in neutral zone.
13:05 of 1st period - Snap shot by Phil McRae.
13:05 of 1st period - Shot Misses the Net.
13:27 of 1st period - Snap shot by Dennis Everberg.
13:27 of 1st period - Shot Misses the Net.
13:37 of 1st period - Daultan Leveillé is hit by Anton Lindholm and loses puck.
13:42 of 1st period - Snap shot by Sergei Plotnikov.
13:42 of 1st period - Shot Misses the Net.
13:44 of 1st period - Snap shot by Anton Lindholm.
13:44 of 1st period - Stopped by Alex Stalock with a rebound.
14:04 of 1st period - Slapshot by Christoph Bertschy.
14:04 of 1st period - Stopped by Jeremy Smith with a rebound.
14:10 of 1st period - Nikita Tryamkin is hit by Jeffrey Foss and loses puck.
15:06 of 1st period - Snap shot by Victor Olofsson.
15:06 of 1st period - Shot Misses the Net.
15:08 of 1st period - Slapshot by Victor Olofsson.
15:08 of 1st period - Shot Blocked by Spencer Machacek.
15:22 of 1st period - Snap shot by Christoph Bertschy.
15:22 of 1st period - Shot Misses the Net.
15:24 of 1st period - Slapshot by Nikita Tryamkin.
15:24 of 1st period - Shot Blocked by Jamie Oleksiak.
15:26 of 1st period - Wrist shot by Michael Ferland.
15:26 of 1st period - Stopped by Jeremy Smith without a rebound.
15:27 of 1st period - Pavel Kraskovsky wins face-off versus Jared Staal in Wolfes zone.
16:39 of 1st period - Wrist shot by Dennis Everberg.
16:39 of 1st period - Stopped by Jeremy Smith with a rebound.
16:41 of 1st period - Wrist shot by Taylor Beck.
16:41 of 1st period - Shot Misses the Net.
16:59 of 1st period - Snap shot by Phil McRae.
16:59 of 1st period - Stopped by Jeremy Smith with a rebound.
17:07 of 1st period - Snap shot by Phil McRae.
17:07 of 1st period - Shot Misses the Net.
17:09 of 1st period - Wrist shot by J.T. Brown.
17:09 of 1st period - Stopped by Jeremy Smith with a rebound.
17:58 of 1st period - Snap shot by Christoph Bertschy.
17:58 of 1st period - Shot Misses the Net.
18:00 of 1st period - Slapshot by Jake Muzzin.
18:00 of 1st period - Stopped by Jeremy Smith with a rebound.
18:02 of 1st period - Slapshot by Tommy Vannelli.
18:02 of 1st period - Shot Blocked by Sergei Plotnikov.
18:46 of 1st period - Snap shot by Alexandre Grenier.
18:46 of 1st period - Shot Misses the Net.
19:04 of 1st period - Wrist shot by J.T. Brown.
19:04 of 1st period - Stopped by Jeremy Smith without a rebound.
19:05 of 1st period - Daultan Leveillé wins face-off versus Thomas Spelling in Wolfes zone.
19:06 of 1st period - Snap shot by Spencer Machacek.
19:06 of 1st period - Deflect By Daultan Leveillé.
19:06 of 1st period - Shot Misses the Net.
19:06 of 1st period - Puck is out of play.
19:07 of 1st period - Daultan Leveillé wins face-off versus Kyle Rau in Wolfes zone.
19:32 of 1st period - Sergei Plotnikov is hit by Dennis Everberg and loses puck.
19:41 of 1st period - Andrej Nestrasil is hit by Martin Hanzal.
19:53 of 1st period - Snap shot by Blake Pietila.
19:53 of 1st period - Stopped by Alex Stalock without a rebound.
19:54 of 1st period - Phil McRae wins face-off versus Pavel Kraskovsky in Demolitions zone.
Goals for this period are 0 for Demolitions vs 0 for Wolfes.
Shots for this period are 14 for Demolitions vs 7 for Wolfes.
2nd period
0:01 of 2nd period - Chris Tierney wins face-off versus Daultan Leveillé in neutral zone.
1:56 of 2nd period - Slapshot by Blake Pietila.
1:56 of 2nd period - Shot Hit the Post.
1:58 of 2nd period - Snap shot by Alexandre Grenier.
1:58 of 2nd period - Shot Misses the Net.
2:28 of 2nd period - Snap shot by Christoph Bertschy.
2:28 of 2nd period - Deflect By Jared Staal.
2:28 of 2nd period - Stopped by Jeremy Smith with a rebound.
2:48 of 2nd period - Snap shot by Sergei Plotnikov.
2:48 of 2nd period - Shot Blocked by Spencer Machacek.
2:58 of 2nd period - Michael Stone is hit by Joshua Leivo and loses puck.
3:27 of 2nd period - Snap shot by Alexandre Grenier.
3:27 of 2nd period - Stopped by Alex Stalock with a rebound.
3:57 of 2nd period - Daultan Leveillé is hit by Wes O'Neill and loses puck.
4:04 of 2nd period - Wes O'Neill is hit by Spencer Machacek and loses puck.
4:19 of 2nd period - Chris Tierney is hit by Dennis Everberg and loses puck.
4:40 of 2nd period - Nikita Tryamkin is hit by Alexandre Grenier and loses puck.
5:20 of 2nd period - Wrist shot by Zachary Sanford.
5:20 of 2nd period - Shot Misses the Net.
6:02 of 2nd period - Benn Ferriero is hit by Taylor Aronson and loses puck.
6:09 of 2nd period - Wrist shot by Michael Ferland.
6:09 of 2nd period - Stopped by Jeremy Smith without a rebound.
6:10 of 2nd period - Daultan Leveillé wins face-off versus Pavel Kraskovsky in Wolfes zone.
6:37 of 2nd period - Andrej Nestrasil is hit by Sergei Plotnikov and loses puck.
6:42 of 2nd period - Snap shot by Sergei Plotnikov.
6:42 of 2nd period - Stopped by Alex Stalock with a rebound.
7:04 of 2nd period - Slapshot by Joshua Leivo.
7:04 of 2nd period - Shot Misses the Net.
7:14 of 2nd period - Slapshot by Daultan Leveillé.
7:14 of 2nd period - Goal by Daultan Leveillé - Demolitions : 1 - Wolfes : 0.
7:15 of 2nd period - Pavel Kraskovsky wins face-off versus Daultan Leveillé in neutral zone.
7:20 of 2nd period - Snap shot by Alexandre Grenier.
7:20 of 2nd period - Shot Misses the Net.
8:05 of 2nd period - Backhand shot by Zachary Sanford.
8:05 of 2nd period - Stopped by Alex Stalock without a rebound.
8:06 of 2nd period - Phil McRae wins face-off versus Kyle Rau in Demolitions zone.
8:08 of 2nd period - Icing by Joshua Leivo.
8:09 of 2nd period - Chris Tierney wins face-off versus Phil McRae in Demolitions zone.
8:16 of 2nd period - Snap shot by Benn Ferriero.
8:16 of 2nd period - Shot Blocked by J.T. Brown.
8:28 of 2nd period - Snap shot by Phil McRae.
8:28 of 2nd period - Stopped by Jeremy Smith with a rebound.
8:30 of 2nd period - Slapshot by Robert Bortuzzo.
8:30 of 2nd period - Shot Misses the Net.
8:32 of 2nd period - Snap shot by Phil McRae.
8:32 of 2nd period - Shot Misses the Net.
8:34 of 2nd period - Wrist shot by Joshua Leivo.
8:34 of 2nd period - Shot Blocked by Michael Stone.
8:50 of 2nd period - Snap shot by J.T. Brown.
8:50 of 2nd period - Shot Misses the Net.
8:52 of 2nd period - Snap shot by Ryan Pulock.
8:52 of 2nd period - Deflect By Phil McRae.
8:52 of 2nd period - Stopped by Jeremy Smith with a rebound.
8:56 of 2nd period - Snap shot by J.T. Brown.
8:56 of 2nd period - Stopped by Jeremy Smith without a rebound.
8:57 of 2nd period - Martin Hanzal wins face-off versus Daultan Leveillé in Wolfes zone.
8:59 of 2nd period - Icing by Sergei Plotnikov.
9:00 of 2nd period - Martin Hanzal wins face-off versus Daultan Leveillé in Wolfes zone.
9:11 of 2nd period - Victor Olofsson is hit by Spencer Machacek and loses puck.
9:16 of 2nd period - Wrist shot by Spencer Machacek.
9:16 of 2nd period - Shot Misses the Net.
9:26 of 2nd period - Slapshot by Anton Karlsson.
9:26 of 2nd period - Stopped by Alex Stalock without a rebound.
9:27 of 2nd period - Anton Karlsson wins face-off versus Andrej Nestrasil in Demolitions zone.
9:34 of 2nd period - Slapshot by Chris Tierney.
9:34 of 2nd period - Shot Blocked by Jake Muzzin.
9:44 of 2nd period - Jamie Oleksiak is hit by Taylor Beck and loses puck.
9:47 of 2nd period - Minor Penalty to Taylor Beck for Hooking.
9:48 of 2nd period - Daultan Leveillé wins face-off versus Chris Tierney in Demolitions zone.
10:13 of 2nd period - Daultan Leveillé is hit by Benn Ferriero and loses puck.
10:40 of 2nd period - Snap shot by Lane MacDermid.
10:40 of 2nd period - Shot Misses the Net.
11:18 of 2nd period - Sergei Plotnikov is hit by Nikita Tryamkin and loses puck.
11:47 of 2nd period - Penalty to Taylor Beck is over, Taylor Beck is back on ice.
11:51 of 2nd period - Wrist shot by Zachary Sanford.
11:51 of 2nd period - Stopped by Alex Stalock without a rebound.
11:52 of 2nd period - Andrej Nestrasil wins face-off versus Kyle Rau in Demolitions zone.
12:05 of 2nd period - Nick Pryor is hit by Zachary Sanford and loses puck.
13:12 of 2nd period - Blake Pietila is hit by J.T. Brown and loses puck.
13:21 of 2nd period - Minor Penalty to Phil McRae for Hooking.
13:22 of 2nd period - Spencer Machacek wins face-off versus Martin Hanzal in Demolitions zone.
13:32 of 2nd period - Off-side.
13:33 of 2nd period - Spencer Machacek wins face-off versus Chris Tierney in neutral zone.
15:21 of 2nd period - Penalty to Phil McRae is over, Phil McRae is back on ice.
15:36 of 2nd period - Kyle Rau is hit by Phil McRae and loses puck.
16:15 of 2nd period - Thomas Spelling is hit by Michael Ferland and loses puck.
16:26 of 2nd period - Wrist shot by Zachary Sanford.
16:26 of 2nd period - Stopped by Alex Stalock without a rebound.
16:27 of 2nd period - Lane MacDermid wins face-off versus Chris Tierney in Demolitions zone.
16:34 of 2nd period - Slapshot by Chris Tierney.
16:34 of 2nd period - Shot Blocked by Jake Muzzin.
16:50 of 2nd period - Taylor Beck is hit by Martin Hanzal.
17:16 of 2nd period - Phil McRae is hit by Blake Pietila and loses puck.
17:37 of 2nd period - Snap shot by Lane MacDermid.
17:37 of 2nd period - Stopped by Jeremy Smith with a rebound.
17:39 of 2nd period - Snap shot by Daultan Leveillé.
17:39 of 2nd period - Shot Misses the Net.
17:41 of 2nd period - Snap shot by Spencer Machacek.
17:41 of 2nd period - Stopped by Jeremy Smith without a rebound.
17:42 of 2nd period - Daultan Leveillé wins face-off versus Chris Tierney in Wolfes zone.
17:57 of 2nd period - Slapshot by Spencer Machacek.
17:57 of 2nd period - Stopped by Jeremy Smith with a rebound.
18:28 of 2nd period - J.T. Brown is hit by Joe Morrow.
18:34 of 2nd period - Alexandre Grenier is hit by Nikita Tryamkin and loses puck.
18:41 of 2nd period - Minor Penalty to Pavel Kraskovsky for Slashing.
18:42 of 2nd period - Daultan Leveillé wins face-off versus Chris Tierney in Wolfes zone.
18:47 of 2nd period - Wrist shot by Lane MacDermid.
18:47 of 2nd period - Stopped by Jeremy Smith with a rebound.
19:13 of 2nd period - Slapshot by Alexandre Grenier.
19:13 of 2nd period - Shot Misses the Net.
Goals for this period are 1 for Demolitions vs 0 for Wolfes.
Shots for this period are 10 for Demolitions vs 6 for Wolfes.
3rd period
0:01 of 3rd period - Chris Tierney wins face-off versus Daultan Leveillé in neutral zone.
0:41 of 3rd period - Penalty to Pavel Kraskovsky is over, Pavel Kraskovsky is back on ice.
0:58 of 3rd period - Wrist shot by Taylor Beck.
0:58 of 3rd period - Stopped by Jeremy Smith without a rebound.
0:59 of 3rd period - Daultan Leveillé wins face-off versus Kyle Rau in Wolfes zone.
0:59 of 3rd period - Daultan Leveillé is hit by Anton Lindholm.
1:04 of 3rd period - Minor Penalty to Zachary Sanford for Hooking.
1:05 of 3rd period - Chris Tierney wins face-off versus Daultan Leveillé in Wolfes zone.
1:15 of 3rd period - Wrist shot by Spencer Machacek.
1:15 of 3rd period - Shot Misses the Net.
1:17 of 3rd period - Snap shot by Daultan Leveillé.
1:17 of 3rd period - Shot Blocked by Anton Lindholm.
1:19 of 3rd period - Slapshot by Spencer Machacek.
1:19 of 3rd period - Shot Misses the Net.
1:21 of 3rd period - Wrist shot by Robert Bortuzzo.
1:21 of 3rd period - Deflect By Lane MacDermid.
1:21 of 3rd period - Goal by Lane MacDermid - Demolitions : 2 - Wolfes : 0.
1:22 of 3rd period - Daultan Leveillé wins face-off versus Chris Tierney in neutral zone.
1:27 of 3rd period - Slapshot by Spencer Machacek.
1:27 of 3rd period - Stopped by Jeremy Smith with a rebound.
1:47 of 3rd period - Andrej Nestrasil is hit by Jeffrey Foss and loses puck.
1:58 of 3rd period - Backhand shot by Sergei Plotnikov.
1:58 of 3rd period - Deflect By Martin Hanzal.
1:58 of 3rd period - Shot Blocked by Nikita Tryamkin.
1:58 of 3rd period - Puck is out of play.
1:59 of 3rd period - Daultan Leveillé wins face-off versus Kyle Rau in Demolitions zone.
2:12 of 3rd period - Snap shot by Thomas Spelling.
2:12 of 3rd period - Shot Misses the Net.
2:14 of 3rd period - Snap shot by Wes O'Neill.
2:14 of 3rd period - Shot Blocked by Ryan Pulock.
2:48 of 3rd period - Robert Bortuzzo is hit by Benn Ferriero and loses puck.
3:13 of 3rd period - Christoph Bertschy is hit by Jamie Oleksiak and loses puck.
3:18 of 3rd period - Snap shot by Zachary Sanford.
3:18 of 3rd period - Shot Blocked by Michael Ferland.
3:20 of 3rd period - Slapshot by Jamie Oleksiak.
3:20 of 3rd period - Deflect By Jared Staal.
3:20 of 3rd period - Stopped by Alex Stalock without a rebound.
3:21 of 3rd period - Martin Hanzal wins face-off versus Daultan Leveillé in Demolitions zone.
3:22 of 3rd period - Wrist shot by Sergei Plotnikov.
3:22 of 3rd period - Deflect By Martin Hanzal.
3:22 of 3rd period - Stopped by Alex Stalock without a rebound.
3:23 of 3rd period - Martin Hanzal wins face-off versus Daultan Leveillé in Demolitions zone.
3:24 of 3rd period - Wrist shot by Sergei Plotnikov.
3:24 of 3rd period - Deflect By Victor Olofsson.
3:24 of 3rd period - Stopped by Alex Stalock with a rebound.
3:36 of 3rd period - Wrist shot by Spencer Machacek.
3:36 of 3rd period - Stopped by Jeremy Smith with a rebound.
3:38 of 3rd period - Wrist shot by Spencer Machacek.
3:38 of 3rd period - Deflect By Sergei Plotnikov.
3:38 of 3rd period - Stopped by Jeremy Smith with a rebound.
4:03 of 3rd period - Minor Penalty to Jeffrey Foss for Slashing.
4:04 of 3rd period - Martin Hanzal wins face-off versus Daultan Leveillé in Wolfes zone.
4:37 of 3rd period - Wrist shot by Dennis Everberg.
4:37 of 3rd period - Shot Misses the Net.
4:39 of 3rd period - Slapshot by Dennis Everberg.
4:39 of 3rd period - Stopped by Jeremy Smith with a rebound.
6:03 of 3rd period - Penalty to Jeffrey Foss is over, Jeffrey Foss is back on ice.
6:26 of 3rd period - Jake Muzzin is hit by Zachary Sanford.
6:48 of 3rd period - Snap shot by J.T. Brown.
6:48 of 3rd period - Shot Misses the Net.
7:04 of 3rd period - Slapshot by Wes O'Neill.
7:04 of 3rd period - Deflect By Thomas Spelling.
7:04 of 3rd period - Shot Misses the Net.
7:04 of 3rd period - Puck is out of play.
7:05 of 3rd period - Pavel Kraskovsky wins face-off versus Andrej Nestrasil in Demolitions zone.
7:36 of 3rd period - Icing by Martin Hanzal.
7:37 of 3rd period - Daultan Leveillé wins face-off versus Martin Hanzal in Wolfes zone.
7:40 of 3rd period - Wrist shot by Spencer Machacek.
7:40 of 3rd period - Deflect By Daultan Leveillé.
7:40 of 3rd period - Shot Misses the Net.
7:40 of 3rd period - Puck is out of play.
7:41 of 3rd period - Kyle Rau wins face-off versus Daultan Leveillé in Wolfes zone.
7:46 of 3rd period - Slapshot by Jeffrey Foss.
7:46 of 3rd period - Deflect By Thomas Spelling.
7:46 of 3rd period - Stopped by Alex Stalock without a rebound.
7:47 of 3rd period - Kyle Rau wins face-off versus Daultan Leveillé in Demolitions zone.
7:48 of 3rd period - Snap shot by Zachary Sanford.
7:48 of 3rd period - Shot Hit the Post.
8:20 of 3rd period - Wrist shot by Spencer Machacek.
8:20 of 3rd period - Shot Misses the Net.
8:22 of 3rd period - Backhand shot by Jake Muzzin.
8:22 of 3rd period - Deflect By Daultan Leveillé.
8:22 of 3rd period - Stopped by Jeremy Smith with a rebound.
8:24 of 3rd period - Wrist shot by Lane MacDermid.
8:24 of 3rd period - Deflect By Daultan Leveillé.
8:24 of 3rd period - Stopped by Jeremy Smith without a rebound.
8:25 of 3rd period - Andrej Nestrasil wins face-off versus Pavel Kraskovsky in Wolfes zone.
8:30 of 3rd period - Wrist shot by Dennis Everberg.
8:30 of 3rd period - Shot Misses the Net.
9:04 of 3rd period - Wrist shot by J.T. Brown.
9:04 of 3rd period - Deflect By Phil McRae.
9:04 of 3rd period - Shot Misses the Net.
9:04 of 3rd period - Puck is out of play.
9:05 of 3rd period - Daultan Leveillé wins face-off versus Martin Hanzal in Wolfes zone.
9:06 of 3rd period - Snap shot by Spencer Machacek.
9:06 of 3rd period - Stopped by Jeremy Smith with a rebound.
9:08 of 3rd period - Snap shot by Lane MacDermid.
9:08 of 3rd period - Stopped by Jeremy Smith with a rebound.
9:10 of 3rd period - Wrist shot by Daultan Leveillé.
9:10 of 3rd period - Shot Misses the Net.
9:12 of 3rd period - Slapshot by Lane MacDermid.
9:12 of 3rd period - Shot Misses the Net.
9:26 of 3rd period - Minor Penalty to Martin Hanzal for Roughing.
9:27 of 3rd period - Zachary Sanford wins face-off versus Daultan Leveillé in Wolfes zone.
9:42 of 3rd period - Wrist shot by Daultan Leveillé.
9:42 of 3rd period - Deflect By Spencer Machacek.
9:42 of 3rd period - Shot Blocked by Anton Lindholm.
9:42 of 3rd period - Puck is out of play.
9:43 of 3rd period - Daultan Leveillé wins face-off versus Zachary Sanford in Wolfes zone.
11:26 of 3rd period - Penalty to Martin Hanzal is over, Martin Hanzal is back on ice.
11:48 of 3rd period - Snap shot by Joshua Leivo.
11:48 of 3rd period - Stopped by Jeremy Smith without a rebound.
11:49 of 3rd period - Christoph Bertschy wins face-off versus Martin Hanzal in Wolfes zone.
11:50 of 3rd period - Wrist shot by Michael Ferland.
11:50 of 3rd period - Stopped by Jeremy Smith with a rebound.
12:05 of 3rd period - Minor Penalty to Martin Hanzal for Slashing.
12:06 of 3rd period - Daultan Leveillé wins face-off versus Chris Tierney in Wolfes zone.
12:33 of 3rd period - Andrej Nestrasil is hit by Benn Ferriero and loses puck.
13:32 of 3rd period - Jake Muzzin is hit by Wes O'Neill and loses puck.
14:05 of 3rd period - Penalty to Martin Hanzal is over, Martin Hanzal is back on ice.
14:14 of 3rd period - Wrist shot by Kyle Rau.
14:14 of 3rd period - Goal by Kyle Rau - Demolitions : 2 - Wolfes : 1.
14:15 of 3rd period - Andrej Nestrasil wins face-off versus Kyle Rau in neutral zone.
15:06 of 3rd period - Wrist shot by Christoph Bertschy.
15:06 of 3rd period - Stopped by Jeremy Smith with a rebound.
15:08 of 3rd period - Slapshot by Robert Bortuzzo.
15:08 of 3rd period - Shot Misses the Net.
15:10 of 3rd period - Slapshot by Jared Staal.
15:10 of 3rd period - Stopped by Jeremy Smith with a rebound.
15:12 of 3rd period - Slapshot by Robert Bortuzzo.
15:12 of 3rd period - Shot Blocked by Jeffrey Foss.
15:14 of 3rd period - Snap shot by Michael Ferland.
15:14 of 3rd period - Deflect By Jared Staal.
15:14 of 3rd period - Shot Blocked by Pavel Kraskovsky.
15:14 of 3rd period - Puck is out of play.
15:15 of 3rd period - Daultan Leveillé wins face-off versus Kyle Rau in Wolfes zone.
15:16 of 3rd period - Slapshot by Spencer Machacek.
15:16 of 3rd period - Shot Blocked by Wes O'Neill.
15:28 of 3rd period - Wrist shot by Zachary Sanford.
15:28 of 3rd period - Stopped by Alex Stalock without a rebound.
15:29 of 3rd period - Phil McRae wins face-off versus Martin Hanzal in Demolitions zone.
16:09 of 3rd period - Minor Penalty to Spencer Machacek for Roughing.
16:10 of 3rd period - Alex Hutchings wins face-off versus Chris Tierney in Demolitions zone.
16:14 of 3rd period - Snap shot by Daultan Leveillé.
16:14 of 3rd period - Goal by Daultan Leveillé - Demolitions : 3 - Wolfes : 1.
16:15 of 3rd period - Alex Hutchings wins face-off versus Martin Hanzal in neutral zone.
16:20 of 3rd period - Wrist shot by Alex Hutchings.
16:20 of 3rd period - Stopped by Jeremy Smith with a rebound.
16:22 of 3rd period - Wrist shot by Daultan Leveillé.
16:22 of 3rd period - Shot Blocked by Martin Hanzal.
16:24 of 3rd period - Wrist shot by Jake Muzzin.
16:24 of 3rd period - Shot Blocked by Joe Morrow.
16:26 of 3rd period - Snap shot by Daultan Leveillé.
16:26 of 3rd period - Goal by Daultan Leveillé - Demolitions : 4 - Wolfes : 1.
16:27 of 3rd period - Alex Hutchings wins face-off versus Chris Tierney in neutral zone.
16:30 of 3rd period - Snap shot by Daultan Leveillé.
16:30 of 3rd period - Goal by Daultan Leveillé - Demolitions : 5 - Wolfes : 1.
16:31 of 3rd period - Alex Hutchings wins face-off versus Chris Tierney in neutral zone.
17:05 of 3rd period - Daultan Leveillé is hit by Benn Ferriero and loses puck.
18:09 of 3rd period - Penalty to Spencer Machacek is over, Spencer Machacek is back on ice.
18:21 of 3rd period - Wrist shot by Zachary Sanford.
18:21 of 3rd period - Deflect By Kyle Rau.
18:21 of 3rd period - Shot Misses the Net.
18:21 of 3rd period - Puck is out of play.
18:22 of 3rd period - Kyle Rau wins face-off versus Phil McRae in Demolitions zone.
18:31 of 3rd period - Snap shot by Zachary Sanford.
18:31 of 3rd period - Shot Misses the Net.
18:33 of 3rd period - Snap shot by Kyle Rau.
18:33 of 3rd period - Shot Misses the Net.
18:35 of 3rd period - Snap shot by Thomas Spelling.
18:35 of 3rd period - Stopped by Alex Stalock with a rebound.
18:37 of 3rd period - Snap shot by Thomas Spelling.
18:37 of 3rd period - Shot Misses the Net.
18:50 of 3rd period - Wrist shot by Pavel Kraskovsky.
18:50 of 3rd period - Shot Blocked by Nick Pryor.
19:10 of 3rd period - Wrist shot by Chris Tierney.
19:10 of 3rd period - Shot Blocked by Nick Pryor.
19:12 of 3rd period - Slapshot by Joe Morrow.
19:12 of 3rd period - Shot Misses the Net.
19:44 of 3rd period - Slapshot by Joe Morrow.
19:44 of 3rd period - Shot Blocked by Robert Bortuzzo.
19:54 of 3rd period - Wrist shot by Martin Hanzal.
19:54 of 3rd period - Shot Misses the Net.
Goals for this period are 4 for Demolitions vs 1 for Wolfes.
Shots for this period are 18 for Demolitions vs 7 for Wolfes.
Back to the Top